 Dungeon Crawl Stone Soup version 0.28-a0-1638-g9123634e07 (webtiles) character file.

Game seed: 4176366516586442345

111 Hasart the Insei (level 4, -6/29 HPs)
             Began as an Octopode Transmuter on Jan 25, 2022.
             Killed from afar by Ijyb (26 damage)
             ... with a bolt of acid
             ... on level 3 of the Dungeon.
             The game lasted 00:02:31 (1820 turns).

Hasart the Insei (Octopode Transmuter)              Turns: 1820, Time: 00:02:32

Health: -6/29      AC:  2    Str:  9    XL:     4   Next: 92%
Magic:  4/7        EV: 20    Int: 17    God:
Gold:   74         SH:  0    Dex: 17    Spells: 2/8 levels left

rFire   . . .      SeeInvis .     - Unarmed
rCold   . . .      Faith    .   (shield currently unavailable)
rNeg    . . .      Spirit   .   (helmet currently unavailable)
rPois   x          Reflect  .   (no amulet)
rElec   .          Harm     .   (no ring)
rCorr   .          Rampage  .   (no ring)
Will    .....                   (no ring)
Stlth   ++........              (no ring)
HPRegen 0.09/turn               (no ring)
MPRegen 0.10/turn               (no ring)
                                (no ring)
                                (no ring)

@: spider-form (expiring)
A: venomous fangs, almost no armour, (amphibious), 8 rings, tiny, (camouflage
1), (gelatinous body 1), (nimble swimmer 1), (tentacles)
a: End Transformation


You were on level 3 of the Dungeon.
You were a venomous arachnid creature.
You visited 1 branch of the dungeon, and saw 3 of its levels.

You collected 74 gold pieces.

Inventory:

Wands
 d - a wand of flame (23)
Scrolls
 a - a scroll of amnesia {unknown}
 e - a scroll of silence {unknown}
 f - a scroll of identify {unknown}
Potions
 b - a potion of cancellation {unknown}
 c - a potion of lignification {unknown}


   Skills:
 + Level 1.9 Fighting
 + Level 2.6 Dodging
 * Level 3.9 Unarmed Combat
 + Level 2.5 Spellcasting
 + Level 2.5 Transmutations
 + Level 1.0 Poison Magic


You had 2 spell levels left.
You knew the following spells:

 Your Spells              Type           Power      Damage    Failure   Level
a - Beastly Appendage     Tmut           20%        N/A       17%         1
b - Wereblood             Tmut           10%        N/A       24%         2
c - Spider Form           Tmut/Pois      8%         N/A       47%         3

Your spell library contained the following spells:

 Spells                   Type           Power      Damage    Failure   Level
 Magic Dart               Conj           8%         1d3       38%         1
 Pain                     Necr           8%         1d4       38%         1
 Slow                     Hex            8%         N/A       38%         1
 Ice Form                 Ice/Tmut       6%         N/A       87%         4


Dungeon Overview and Level Annotations

Branches:
Dungeon (3/15)

Altars:

Annotations:
D:3 Ijyb


Innate Abilities, Weirdness & Mutations

You are a venomous arachnid creature.
You have poisonous fangs.
You are tiny and dextrous.
Your spellcasting is less reliable in this form.
Your armour is entirely melded.
You are incapable of wielding weapons or throwing items.
You cannot wear most types of armour.
((You are amphibious.))
You can wear up to eight rings at the same time.
((Your skin changes colour to match your surroundings (Stealth+).))
((Your rubbery body absorbs attacks. (AC +1, EV +1)))
((You are camouflaged when in or above water. (Stealth+)))
((You have tentacles for arms and can constrict up to eight enemies at once.))


Message History

You open the door.
There is an open door here.
There is a stone staircase leading down here.
f - a scroll labelled HEHACO MAECATT Done exploring.
(D) Dungeon
Where to? (Enter - D:2, ? - help)
There is a stone staircase leading down here.
You climb downwards.
You hear the sound of rushing water.
There is an entrance to a sewer on this level.
Hurry and find it before the portal rusts away!
There is a stone staircase leading up here.
Casting: Beastly Appendage (safe; 6% risk of failure)
Confirm with . or Enter, or press ? or * to list all spells.
The spell is quite dangerous to miscast (26% risk of failure)!
Continue anyway?
You turn into a venomous arachnid creature.
Ijyb shouts!
A goblin comes into view. It is wielding a +0 dagger.
The goblin shouts!
You hit Ijyb but do no damage.
Ijyb is poisoned.
You hear a shout!
You hit Ijyb.
Ijyb is moderately wounded.
Ijyb hits you with a +0 dagger.
You hit Ijyb but do no damage.
Ijyb looks even sicker.
Ijyb is moderately wounded.
Ijyb hits you with a +0 dagger.
You hit Ijyb.
Ijyb is moderately wounded.
Your transformation is almost over.
Ijyb hits you with a +0 dagger.
You hit Ijyb but do no damage.
Ijyb looks as sick as possible!
Ijyb is heavily wounded.
The adder hisses angrily.
The goblin completely misses you. Ijyb hits you with a +0 dagger.
You hit Ijyb but do no damage.
Ijyb looks as sick as possible!
Ijyb is heavily wounded.
The goblin misses you.
Ijyb zaps a wand.
The bolt of acid hits you!!
Ouch! That really hurt!
You die...

.# .# .# #.#
# ..# ##.
#####.##.#S.
#...<....##b
####sg....#+
#g###....
#.# ##. #.#
#.# #.# #.#
..#


You could see Ijyb (extremely poisoned), an adder, a goblin and a bat.

Vanquished Creatures
  Jessica (D:2)
  Natasha (twice) (D:2)
  2 dart slugs (D:2)
  3 endoplasms
  A giant cockroach (D:1)
  A hobgoblin (D:1)
  5 jackals (D:1)
  5 kobolds
  2 quokkas (D:1)
  4 bats
  2 frilled lizards (D:2)
  A goblin (D:2)
  5 rats
34 creatures vanquished.

Notes
Turn   | Place    | Note
-------+----------+-------------------------------------------
     0 | D:1      | Hasart the Octopode Transmuter began the quest for the Orb.
     0 | D:1      | Reached XP level 1. HP: 13/13 MP: 3/3
    87 | D:1      | Reached XP level 2. HP: 14/18 MP: 5/5
   159 | D:1      | Got Angao's Spellcasting, Part One
   685 | D:1      | Found a faded altar of an unknown god.
   802 | D:2      | Reached XP level 3. HP: 23/23 MP: 6/6
   820 | D:2      | Learned a level 2 spell: Wereblood
   824 | D:2      | Learned a level 3 spell: Spider Form
  1178 | D:2      | Noticed Natasha
  1195 | D:2      | Killed Natasha
  1380 | D:2      | Noticed Natasha
  1394 | D:2      | Killed Natasha
  1395 | D:2      | Reached XP level 4. HP: 15/29 MP: 1/7
  1599 | D:2      | Noticed Jessica
  1610 | D:2      | Killed Jessica
  1611 | D:2      | Reached skill level 1 in Poison Magic
  1812 | D:3      | Noticed Ijyb
  1820 | D:3      | Killed from afar by Ijyb

Illustrated notes

Levels and vault maps discovered:
D:1:      dpeg_arrival_rooms_with_view, layout_rooms, basic_ecumenical_altar
D:2:      layout_basic, uniq_jessica, uniq_natasha
D:3:      layout_rooms, cheibrodos_sewer_entry_drain, minmay_joined_circles,
          uniq_ijyb

Skill      XL: |  1  2  3  4 |
---------------+-------------+-----
Poison Magic   | 1 |  1.0
Fighting       | |  1.9
Dodging        | |  2.6
Unarmed Combat | |  3.9
Spellcasting   | |  2.5
Transmutations | |  2.5

Action                   |  1- 3 |  4- 6 || total
-------------------------+-------+-------++-------
Melee: Unarmed           |    69 |    19 ||    88
       Tentacles         |    10 |     3 ||    13
       Constrict         |    14 |     4 ||    18
       Punch             |     3 |     1 ||     4
       Kick              |       |     3 ||     3
 Cast: Spider Form       |     2 |     1 ||     3
       Beastly Appendage |       |     1 ||     1
 Stab: Sleeping          |     3 |       ||     3
Armor: Skin              |     8 |     2 ||    10
Dodge: Dodged            |    52 |     6 ||    58

Table legend: (Time is in decaauts)
 A = Elapsed time spent in this place.
 B = Non-inter-level travel time spent in this place.
 C = Inter-level travel time spent in this place.
 D = Time resting spent in this place.
 E = Time spent auto-exploring this place.
 F = Levels seen in this place.
 G = Mean time per level.
                   A        B        C        D        E       F      G
               +--------+--------+--------+--------+--------+-----+--------+
         Total |   1820 |   1795 |     25 |    325 |   1211 |   3 |  606.7 |
       Dungeon |   1820 |   1795 |     25 |    325 |   1211 |   3 |  606.7 |
               +--------+--------+--------+--------+--------+-----+--------+

Top non-repeatable levels by time:
     D:2: 1018 daAuts
     D:1: 794 daAuts
     D:3: 7 daAuts
